 Dungeon Crawl Stone Soup version 0.30.1-4-g462c640d31 (webtiles) character file.

Game seed: 1102211910749189870

7 croobank the Chopper (level 1, 0/18 HPs)
             Began as an Armataur Gladiator on Aug 25, 2023.
             Was a Follower of Lugonu.
             Slain by a gnoll
             ... wielding a +0 club
              (1 damage)
             ... on level 1 of the Dungeon.
             The game lasted 00:01:33 (405 turns).

croobank the Chopper (Armataur Gladiator)            Turns: 405, Time: 00:01:34

Health: 0/18       AC:  5    Str: 19    XL:     1   Next: 91%
Magic:  1/1        EV:  9    Int: 14    God:    Lugonu [*.....]
Gold:   73         SH:  0    Dex: 11    Spells: 0/0 levels left

rFire   . . .        a - +0 war axe
rCold   . . .        (no shield)
rNeg    . . .        b - +0 leather armour
rPois   .            c - +0 helmet
rElec   .            (no cloak)
rCorr   .            (no gloves)
SInv    .            (no barding)
Will    .....        (no amulet)
Stlth   +            h - +6 ring of intelligence
HPRegen 0.23/turn    (no ring)
MPRegen 0.07/turn

%: roll
@: no status effects
A: large, rugged brown scales 3, deformed body, armoured tail, roll, long
tongue, awkward tongue
a: Renounce Religion, Depart the Abyss


You were on level 1 of the Dungeon.
You worshipped Lugonu.
Lugonu was aware of your devotion.
You visited 1 branch of the dungeon, and saw 1 of its levels.

You collected 73 gold pieces.

Inventory:

Hand Weapons
 a - a +0 war axe (weapon)
 j - a +0 short sword
Missiles
 d - 3 throwing nets (quivered)
 e - a javelin
Armour
 b - a +0 leather armour (worn)
 c - a +0 helmet (worn)
Jewellery
 h - a +6 ring of intelligence (left hand)
Scrolls
 g - a scroll of teleportation {unknown}
 i - a scroll of vulnerability {unknown}
Potions
 f - 2 potions of curing {unknown}


   Skills:
 + Level 2.0 Fighting
 + Level 2.5 Axes
 + Level 1.9 Throwing
 + Level 2.3 Dodging


You couldn't memorise any spells.
You didn't know any spells.
Your spell library was empty.

Dungeon Overview and Level Annotations

Branches:
Dungeon (1/15)

Altars:
Lugonu


Innate Abilities, Weirdness & Mutations

You are completely covered in rugged brown scales. (AC +3, +7% HP)
Armour fits poorly on your strangely shaped body.
You have a long armoured tail.
You roll when moving toward enemies. (Rampage)
Your long tongue fully drains potion bottles. (2x potion effects)
Your tongue gives you trouble enunciating. (1.5x scroll delay)


Message History

A gnoll comes into view. It is wielding a +0 club.
A gnoll is nearby!
The gnoll shouts!
You roll towards the gnoll!
Found a golden potion.
The gnoll hits you but does no damage.
You hit the gnoll.
The gnoll is lightly wounded.
The gnoll misses you.
You hit the gnoll.
The gnoll is heavily wounded.
The gnoll hits you with a +0 club. x2
You closely miss the gnoll.
The gnoll is heavily wounded.
The gnoll hits you with a +0 club.
You closely miss the gnoll.
Your tail-slap misses the gnoll.
The gnoll is heavily wounded.
The gnoll hits you but does no damage. The gnoll hits you with a +0 club.
You are too injured to fight recklessly!
You are too injured to fight recklessly!
You are too injured to fight recklessly!
You are too injured to fight recklessly!
You closely miss the gnoll.
The gnoll is heavily wounded.
The gnoll hits you with a +0 club.
You barely miss the gnoll.
The gnoll is heavily wounded.
The gnoll closely misses you.
A gnoll is nearby!
You completely miss the gnoll.
Your tail-slap misses the gnoll.
The gnoll is heavily wounded.
The gnoll hits you but does no damage. x2
You closely miss the gnoll.
The gnoll is heavily wounded.
The gnoll hits you but does no damage.
You barely miss the gnoll.
The gnoll is heavily wounded.
The gnoll hits you with a +0 club!
* * * LOW HITPOINT WARNING * * *
The gnoll hits you with a +0 club.
You die...

###.......# ###.......#
..........# ###......##
###......# ##############
.†.~...~.# .............#
.)~.~.~..################...##.#
~≈≈≈~≈~.##!.................####.
≈≈≈≈≈≈≈~##.....g@....#.#.........
~≈≈≈≈≈~.##.............#...######
..~≈≈≈≈.##...........###)†.######
~_.~≈~.~##.......................
♣♣♣~≈~~~##...........####.######.
≈≈≈~≈~~.##..................#
~~≈~≈~≈~##...........####.#.#
~≈~~~~≈~############## #.#.#
≈.~.....# ########## ##.# .


You could see a gnoll.

Vanquished Creatures
  A goblin (D:1)
  A hobgoblin (D:1)
  2 kobolds (D:1)
  A quokka (D:1)
  A ball python (D:1)
  A bat (D:1)
7 creatures vanquished.

Notes
Turn   | Place    | Note
-------+----------+-------------------------------------------
     0 | D:1      | croobank the Armataur Gladiator began the quest for the
                  | Orb.
     0 | D:1      | Reached XP level 1. HP: 18/18 MP: 1/1
   171 | D:1      | Found a faded altar of an unknown god.
   185 | D:1      | Prayed at the altar of an unknown god.
   185 | D:1      | Became a worshipper of Lugonu the Unformed
   185 | D:1      | Reached * piety under Lugonu
   405 | D:1      | Slain by a gnoll

Illustrated notes

Levels and vault maps discovered:
D:1:      dpeg_arrival_tiny_a, layout_basic, chequers_ecumenical_altar_island,
          minmay_statues_item, minivault_24, chequers_serial_rivers_micro_d

Skill      XL: |  1 |
---------------+----+-----
Fighting       | 2 |  2.0
Axes           | |  2.5
Throwing       | |  1.9
Dodging        | |  2.3

Action                     || total
---------------------------++-------
  Melee: War axe           ||    25
 Armour: Leather armour    ||    14
  Dodge: Dodged            ||    11
